 Dungeon Crawl Stone Soup version 0.26.1-11-gd32895ea62 (webtiles) character file.

Game seed: 15475303321230646563

29 ubername the Firebug (level 3, -1/21 HPs)
             Began as an Octopode Fire Elementalist on June 20, 2021.
             Slain by an orc wizard
             ... wielding a cursed +0 dagger
              (3 damage)
             ... on level 2 of the Dungeon.
             The game lasted 00:03:41 (1429 turns).

ubername the Firebug (Octopode Fire Elementalist)   Turns: 1429, Time: 00:03:42

Health: -1/21      AC:  1    Str:  7    XL:     3   Next: 16%
Magic:  0/6        EV: 13    Int: 18    God:
Gold:   68         SH:  0    Dex: 12    Spells: 5/6 levels left

rFire    . . .     SeeInvis .   a - +0 whip
rCold    . . .     Faith    .   (no shield)
rNeg     . . .     Spirit   .   (helmet restricted)
rPois    .         Reflect  .   (no amulet)
rElec    .         Harm     .   (no ring)
rCorr    .         Rampage  .   (no ring)
Will     .....                  (no ring)
Stlth    +++.......             (no ring)
HPRegen  0.07/turn              (no ring)
MPRegen  0.10/turn              (no ring)
                                (no ring)
                                (no ring)

@: no status effects
A: almost no armour, stealthy swim, amphibious, 8 rings, constrict 8, camouflage
1, gelatinous body 1
a: no special abilities


You were on level 2 of the Dungeon.
You visited 1 branch of the dungeon, and saw 2 of its levels.

You collected 68 gold pieces.

Inventory:

Hand Weapons
 a - a +0 whip (weapon)
Missiles
 b - 51 stones
Jewellery
 h - an uncursed ring of positive energy {unknown}
Scrolls
 c - a scroll of immolation {unknown}
 d - 2 scrolls of identify {unknown}
 e - 2 scrolls of remove curse {unknown}
Potions
 f - a potion of heal wounds {unknown}
 g - a potion of resistance {unknown}
 i - a potion of berserk rage {unknown}


   Skills:
 + Level 2.0 Dodging
 + Level 3.1 Stealth
 + Level 2.3 Spellcasting
 + Level 1.1 Conjurations
 + Level 3.6 Fire Magic


You had 5 spell levels left.
You knew the following spells:

 Your Spells              Type           Power        Failure   Level
a - Foxfire               Conj/Fire      40%          6%          1

Your spell library contained the following spells:

 Spells                   Type           Power        Failure   Level
 Conjure Flame            Conj/Fire      10%          19%         3
 Inner Flame              Hex/Fire       8%           24%         3
 Sticky Flame             Conj/Fire      10%          54%         4
 Fireball                 Conj/Fire      5%           87%         5


Dungeon Overview and Level Annotations

Branches:
Dungeon (2/15)

Altars:


Innate Abilities, Weirdness & Mutations

You cannot wear most types of armour.
You are very stealthy in the water. (Stealth+)
You are amphibious.
You can wear up to eight rings at the same time.
You can use your tentacles to constrict eight enemies at once.
Your skin changes colour to match your surroundings (Stealth+).
Your rubbery body absorbs attacks. (AC +1, EV +1)


Message History

The orc wizard hits you but does no damage.
The orc wizard hits you with a cursed +0 dagger.
A jackal comes into view.
The orc wizard hits you with a cursed +0 dagger.
* * * LOW HITPOINT WARNING * * *
Casting: Foxfire (safe; 6% risk of failure)
Press: ? - help, Q - select action, (/) - cycle Dir - look around, f - activate You conjure some foxfire!
The jackal barks!
The jackal barks!
The orc wizard hits you with a cursed +0 dagger.
* * * LOW HITPOINT WARNING * * *
The foxfire hits the orc.
The orc is heavily wounded.
You don't have enough magic to cast that spell.
You don't have enough magic to cast that spell.
The foxfire hits the orc wizard.
The orc wizard is moderately wounded.
The orc wizard hits you with a cursed +0 dagger.
You die...

#########.#
###{........#
#..##'####..#
#..##.8.##...# #
#.o##...##....#
..#.)##...##....##
...h##.{h##....##
...'h.8o++....##
....##.@o##..##
#.. ##...##..##
##.†.##..##
##.8.##..#
#..##'####.#
#.........#
###########


You could see an orc wizard (fast), an orc and 3 jackals.

Vanquished Creatures
  A dart slug (D:1)
  A leopard gecko (D:2)
  An orc (D:2)
  4 bats
  3 giant cockroaches (D:1)
  3 goblins
  A hobgoblin (D:1)
  3 jackals (D:1)
  A ball python (D:1)
  3 kobolds (D:1)
  2 rats (D:1)
23 creatures vanquished.

Vanquished Creatures (others)
  A bat (D:1)
  A goblin (D:1)
  59 foxfires
61 creatures vanquished.

Grand Total: 84 creatures vanquished

Notes
Turn   | Place    | Note
-------+----------+-------------------------------------------
     0 | D:1      | ubername the Octopode Fire Elementalist began the quest for
                  | the Orb.
     0 | D:1      | Reached XP level 1. HP: 11/11 MP: 3/3
   218 | D:1      | Reached XP level 2. HP: 14/17 MP: 3/5
  1202 | D:2      | Reached XP level 3. HP: 21/21 MP: 3/6
  1428 | D:2      | HP: 1/21 [orc wizard/cursed +0 dagger (3)]
  1429 | D:2      | Slain by an orc wizard

Illustrated notes

Levels and vault maps discovered:
D:1:      scummos_arrival_star, layout_basic, lemuel_flame_loot_1
D:2:      layout_basic, grunt_decor_arrowhead

Skill      XL: |  1  2 |
---------------+-------+-----
Stealth        | 3 |  3.1
Dodging        | |  2.0
Spellcasting   | |  2.3
Conjurations   | |  1.1
Fire Magic     | |  3.6

Action                   || total
-------------------------++-------
Melee: Whip              ||     1
 Cast: Foxfire           ||    40
Dodge: Dodged            ||     6
